 Dungeon Crawl Stone Soup version 0.30-a0-782-ge64f9170bb (webtiles) character file.

Game seed: 3034910309161019975

30 Dirtsage the Chopper (level 3, 28/29 HPs)
             Began as a Demonspawn Fighter on Mar 13, 2023.
             Quit the game on level 2 of the Dungeon.
             The game lasted 00:01:59 (816 turns).

Dirtsage the Chopper (Demonspawn Fighter)            Turns: 816, Time: 00:01:59

Health: 28/29      AC:  6    Str: 18    XL:     3   Next: 5%
Magic:  3/3        EV:  9    Int:  9    God:
Gold:   62         SH:  4    Dex: 12    Spells: 2/2 levels left

rFire   . . .      SeeInvis .    a - +0 war axe
rCold   . . .      Faith    .    c - +0 buckler
rNeg    . . .      Spirit   .    b - +0 scale mail
rPois   .          Reflect  .    (no helmet)
rElec   .          Harm     .    (no cloak)
rCorr   .          Rampage  .    (no gloves)
Will    .....                    (no boots) Stlth
                                 (no amulet)
HPRegen 0.24/turn                (no ring)
MPRegen 0.08/turn                (no ring)

@: no status effects
A: demonic guardian 1, spiny 1
a: no special abilities


You were on level 2 of the Dungeon.
You visited 1 branch of the dungeon, and saw 2 of its levels.

You collected 62 gold pieces.

Inventory:

Hand Weapons
 a - a +0 war axe (weapon)
Missiles
 m - 5 curare-tipped darts (quivered)
Armour
 b - a +0 scale mail (worn)
 c - a +0 buckler (worn)
Wands
 j - a wand of charming (8)
Scrolls
 e - a scroll of enchant weapon {unknown}
 g - a scroll of identify {unknown}
 h - a scroll of poison {unknown}
 k - a scroll of teleportation {unknown}
Potions
 d - a potion of might
 f - a potion of curing {unknown}
 i - a potion of haste {unknown}
 l - a potion of mutation {unknown}


   Skills:
 - Level 3.0 Fighting
 + Level 3.2 Axes
 - Level 2.6 Armour
 - Level 2.6 Shields


You had 2 spell levels left.
You didn't know any spells.
Your spell library contained the following spells:

 Spells                   Type           Power      Damage    Failure   Level
 Lesser Beckoning         Tloc           0%         N/A       95%         2
 Sublimation of Blood     Necr           0%         N/A       95%         2
 Wereblood                Tmut           0%         N/A       95%         2
 Gell's Gravitas          Tloc           0%         N/A       99%         3
 Teleport Other           Tloc           0%         N/A       99%         3
 Summon Hydra             Summ           0%         N/A       100%        7


Dungeon Overview and Level Annotations

Branches:
Dungeon (2/15)

Altars:

Shops:
D:2 [


Innate Abilities, Weirdness & Mutations

A weak demonic guardian rushes to your aid.
You are partially covered in sharp spines.


Message History

No target in view!
Your quasit disappears in a puff of smoke!
l - a glowing pink potion Health restored: 24
Found Sopnump's Armour Emporium.
Found a stone staircase leading up.
You pick up a book of Displacement and begin reading...
You add the spells Lesser Beckoning, Gell's Gravitas and Teleport Other to your library.
Found a stone staircase leading down.
There is an entrance to Sopnump's Armour Emporium here.
You can access your shopping list by pressing '$'.
There is a fountain of clear blue water here.
m - 5 curare-tipped darts A hobgoblin comes into view.
It is wielding a +0 sling.
The hobgoblin shouts!
The hobgoblin shoots a sling bullet.
The sling bullet completely misses you.
A giant cockroach comes into view.
The hobgoblin shoots a sling bullet.
You block the sling bullet.
The hobgoblin shoots a sling bullet.
The sling bullet hits you.
You take 1 damage, and have 23/24 hp.
Found an escape hatch in the ceiling.
The hobgoblin unwields a +0 sling.
The hobgoblin closely misses you.
Health restored: 24 You hit the giant cockroach.
The giant cockroach is severely wounded.
You hit the hobgoblin.
You kill the hobgoblin!
The giant cockroach bites you.
The giant cockroach bites you but does no damage.
You have reached level 3!
Your experience leads to an increase in your attributes!
Increase (s)trength, (i)ntelligence, or (d)exterity?
You feel stronger. x2; Your demonic ancestry asserts itself...
Sharp spines emerge from parts of your body.
You regained 4 hp, and now have 28/29 hp.
MP restored: 3 You slash the giant cockroach!
You kill the giant cockroach!
No target in view!
Are you sure you want to abandon this character and quit the game? (Confirm with "yes".)

#...#........8.8.8.#
#...####.###..⌠.⌠.######
#...####.# #.8.∩.8....>.
......... #..⌠.⌠..#....
......... ##8.8.8......
.......... ##<....#....
#...###### ##...##....
....# #......### ....#
##@##### ....# #.).....#
....### #..####<#
....#.## #..# #......##
#..# ###.....##### #..#
.#..♣.♣.♣.♣.####...
..............###..
.###♣.....♣.#.#


There were no monsters in sight!

Vanquished Creatures
  An adder (D:2)
  A dart slug (D:2)
  A ball python (D:2)
  An endoplasm (D:2)
  3 giant cockroaches
  2 goblins
  3 hobgoblins
  2 bats
  2 frilled lizards (D:2)
  A kobold (D:1)
  A rat (D:2)
18 creatures vanquished.

Vanquished Creatures (collateral kills)
  A bat (D:2)
1 creature vanquished.

Grand Total: 19 creatures vanquished

Notes
Turn   | Place    | Note
-------+----------+-------------------------------------------
     0 | D:1      | Dirtsage the Demonspawn Fighter began the quest for the
                  | Orb.
     0 | D:1      | Reached XP level 1. HP: 18/18 MP: 1/1
   497 | D:1      | You fall into a shaft and drop 1 floor!
   516 | D:2      | Gained mutation: A weak demonic guardian rushes to your
                  | aid. [demonic ancestry]
   516 | D:2      | Reached XP level 2. HP: 10/24 MP: 2/2
   796 | D:2      | Found Sopnump's Armour Emporium.
   815 | D:2      | Gained mutation: You are partially covered in sharp spines.
                  | [demonic ancestry]
   815 | D:2      | Reached XP level 3. HP: 28/29 MP: 3/3
   816 | D:2      | Quit the game

Illustrated notes

Levels and vault maps discovered:
D:1:      giann_wishing_wells, layout_loops_corners, minmay_tetromino_l2
D:2:      layout_loops_cross, serial_forest, infiniplex_forest_clump_tiny,
          infiniplex_forest_lined_room_, infiniplex_forest_lined_room_2,
          infiniplex_forest_zigzag_1, infiniplex_forest_lined_2,
          infiniplex_forest_clump_tiny, serial_shops,
          nicolae_shop_temple_entry_statues_fountains, item_on_display_a

Skill      XL: |  1  2 |
---------------+-------+-----
Axes           | 2 3 |  3.2
Fighting       | |  3.0
Armour         | |  2.6
Shields        | |  2.6

Action                     || total
---------------------------++-------
  Melee: War axe           ||    48
 Armour: Scale mail        ||    28
  Dodge: Dodged            ||    18
  Block: Buckler           ||    11

Table legend: (Time is in decaauts)
 A = Elapsed time spent in this place.
 B = Non-inter-level travel time spent in this place.
 C = Inter-level travel time spent in this place.
 D = Time resting spent in this place.
 E = Time spent auto-exploring this place.
 F = Levels seen in this place.
 G = Mean time per level.
                   A        B        C        D        E       F      G
               +--------+--------+--------+--------+--------+-----+--------+
         Total |    835 |    835 |      0 |      0 |    715 |   2 |  417.5 |
       Dungeon |    835 |    835 |      0 |      0 |    715 |   2 |  417.5 |
               +--------+--------+--------+--------+--------+-----+--------+

Top non-repeatable levels by time:
     D:1: 503 daAuts
     D:2: 331 daAuts
